 Dungeon Crawl Stone Soup version 0.26.1-11-gd32895ea62 (webtiles) character file.

Game seed: 955268666234623662

828 dtburroughs the Skirmisher (level 7, -5/4 (63) HPs)
             Began as a Minotaur Berserker on Sept 1, 2021.
             Was an Elder of Trog.
             Killed from afar by an orc wizard (9 damage)
             ... with a magic dart
             ... on level 5 of the Dungeon on Sept 2, 2021.
             The game lasted 00:10:05 (5594 turns).

dtburroughs the Skirmisher (Minotaur Berserker)     Turns: 5594, Time: 00:10:06

HP:   -5/4 (63)     AC:  9    Str: 24    XL:     7   Next: 64%
MP:   6/6           EV: 10    Int:  1    God:    Trog [****..]
Gold: 268           SH:  0    Dex: 10    Spells: 6/6 levels left

rFire    . . .     SeeInvis +   e - +4 hand axe "Ungoisy" {vorpal, rN+ Str+3 Int-5 SInv}
rCold    . . .     Faith    .   (no shield)
rNeg     + . .     Spirit   .   o - +0 chain mail
rPois    .         Reflect  .   (helmet restricted)
rElec    .         Harm     +   j - scarf {harm}
rCorr    .         Rampage  .   (no gloves)
Will     .....                  (no boots)
Stlth    ..........             (no amulet)
HPRegen  0.01/turn              l - ring of flight
MPRegen  0.10/turn              (no ring)

@: extremely drained
A: retaliatory headbutt, horns 2
a: Renounce Religion, Evoke Flight, Berserk, Trog's Hand, Brothers in Arms


You were on level 5 of the Dungeon.
You worshipped Trog.
Trog was greatly pleased with you.
You visited 1 branch of the dungeon, and saw 5 of its levels.

You collected 268 gold pieces.

Inventory:

Hand Weapons
 a - a +0 hand axe
 b - a -3 hand axe
 e - the +4 hand axe "Ungoisy" (weapon) {vorpal, rN+ Str+3 Int-5 SInv}
   (You found it on level 4 of the Dungeon)

   It inflicts extra damage upon your enemies.
   It affects your strength (+3).
   It affects your intelligence (-5).
   It protects you from negative energy.
   It lets you see invisible.
 i - a +0 broad axe
Armour
 j - a scarf of harm (worn)
 o - a +0 chain mail (worn)
Jewellery
 l - a ring of flight (left hand)
Scrolls
 c - a scroll of enchant armour {unknown}
 f - 2 scrolls of remove curse
 g - 2 scrolls of magic mapping {unknown}
 h - 2 scrolls of fog
 p - a scroll of immolation {unknown}
 q - a scroll of identify
Potions
 d - 4 potions of curing
 k - a potion of haste {unknown}
 m - a potion of cancellation {unknown}
 n - a potion of flight {unknown}


   Skills:
 + Level 6.0 Fighting
 + Level 6.0 Axes
 + Level 5.2 Armour
 + Level 4.8 Dodging
 + Level 2.5 Evocations


You had 6 spell levels left.
You didn't know any spells.
Your spell library was empty.

Dungeon Overview and Level Annotations

Branches:
Dungeon (5/15)             Temple (0/1) D:4

Altars:
Cheibriados
Hepliaklqana
Nemelex Xobeh
Ru
Sif Muna
Vehumet
Xom


Innate Abilities, Weirdness & Mutations

You reflexively headbutt those who attack you in melee.
You have a pair of horns on your head.


Message History

An orc comes into view.
The orc shouts!
You hear a shout!
An orc comes into view. It is wielding a +0 whip.
An orc wizard comes into view. It is wielding a +0 dagger.
The orc moves out of view.
An orc wizard comes into view. It is wielding a +0 dagger.
The orc wizard moves out of view.
There is an open door here.
The orc wizard gestures wildly while chanting.
The orc wizard seems to speed up.
You hear a shout!
You slash the orc!
You kill the orc!
Trog accepts your kill.
An orc comes into view.
The orc shouts!
The orc wizard casts a spell at you. The magic dart hits you!
Ouch! That really hurt!
You die...

##.#####.###..###### #..#
# ##.....# #.## #.....####
###.######. #........#
<...)...... #........#
###############........#
..........####...####
........####........##.###
..........@'.o.oo........#
........####.....o.......#
........# #########.....#
######### .....# ....#
....# ....


ooo. You could see 2 orc wizards and 2 orcs.

Vanquished Creatures
  An ogre (D:4)
  2 big kobolds (D:4)
  A scorpion (D:4)
  A howler monkey (D:4)
  A bullfrog zombie (D:4)
  An orc priest (D:3)
  3 orc wizards
  A worker ant (D:2)
  An iguana (D:4)
  Robin (D:2)
  8 gnolls (D:4)
  5 adders
  4 oozes
  2 worms (D:3)
  3 dart slugs
  2 leopard geckos
  8 orcs
  A ball python (D:4)
  13 bats
  2 giant cockroaches
  42 goblins
  24 hobgoblins
  7 kobolds
  2 quokkas
  A ball python skeleton (D:4)
  5 frilled lizards
  10 rats
152 creatures vanquished.

Notes
Turn   | Place    | Note
-------+----------+-------------------------------------------
     0 | D:1      | dtburroughs the Minotaur Berserker began the quest for the
                  | Orb.
     0 | D:1      | Reached XP level 1. HP: 19/19 MP: 0/0
    91 | D:1      | Reached XP level 2. HP: 27/27 MP: 1/1
   610 | D:1      | Reached XP level 3. HP: 33/33 MP: 2/2
   709 | D:1      | Reached ** piety under Trog
   945 | D:2      | Noticed Robin
   952 | D:2      | Killed Robin
   958 | D:2      | Reached XP level 4. HP: 32/41 MP: 3/3
  2134 | D:3      | Found a shimmering altar of Xom.
  2139 | D:3      | Found a radiant altar of Vehumet.
  2220 | D:3      | Reached XP level 5. HP: 47/47 MP: 4/4
  2232 | D:3      | Found a hazy altar of Hepliaklqana.
  2262 | D:3      | Found a shimmering blue altar of Sif Muna.
  2264 | D:3      | Found a sparkling altar of Nemelex Xobeh.
  2688 | D:3      | Reached *** piety under Trog
  3386 | D:4      | Found a snail-covered altar of Cheibriados.
  3472 | D:4      | Reached skill level 5 in Axes
  3561 | D:4      | Reached skill level 5 in Fighting
  3563 | D:4      | Reached skill level 1 in Evocations
  3563 | D:4      | Reached XP level 6. HP: 50/56 MP: 5/5
  3564 | D:4      | Got a polished hand axe
  3564 | D:4      | Identified the +4 hand axe "Ungoisy" {vorpal, rN+ Str+3
                  | Int-5 SInv} (You found it on level 4 of the Dungeon)
  3605 | D:4      | Found a staircase to the Ecumenical Temple.
  3888 | D:4      | Reached XP level 7. HP: 61/61 MP: 6/6
  4011 | D:4      | Reached **** piety under Trog
  4275 | D:4      | Reached skill level 5 in Armour
  5296 | D:5      | Entered Level 5 of the Dungeon
  5306 | D:5      | Found a sacrificial altar of Ru.
  5594 | D:5      | Killed from afar by an orc wizard

Illustrated notes

Levels and vault maps discovered:
D:1:      nagdon_arrival_zigzag_paths, layout_loops_ring
D:2:      layout_loops_cross, uniq_robin
D:3:      layout_basic, nicolae_overflow_hidden_temple
D:4:      minmay_goblin_kobold_castle, layout_cave_pools, old_standard_altar,
          minmay_temple_entry_glass, grunt_ministairs_6
D:5:      layout_basic, nicolae_gozag_seed_capital,
          nicolae_ru_great_annihilating_truth

Skill      XL: |  1  2  3  4  5  6  7 |
---------------+----------------------+-----
Fighting       | 4 5 6 |  6.0
Axes           | 4 5 6 |  6.0
Armour         | 3 4 5 |  5.2
Dodging        | 3 4 |  4.8
Evocations     | 1 2 |  2.5

Action                   |  1- 3 |  4- 6 |  7- 9 || total
-------------------------+-------+-------+-------++-------
Melee: Hand axe          |    65 |   152 |    69 ||   286
       Headbutt          |     9 |    26 |    10 ||    45
Invok: Trog's Hand       |       |     1 |       ||     1
 Abil: Evoke Flight      |       |       |     2 ||     2
  Use: Scroll            |       |     5 |       ||     5
 Stab: Paralysed         |       |       |     1 ||     1
Armor: Animal skin       |     6 |       |       ||     6
       Scale mail        |     6 |       |       ||     6
       Chain mail        |    24 |    91 |    43 ||   158
Dodge: Dodged            |    51 |    69 |    56 ||   176
